 Dungeon Crawl Stone Soup version 0.22.1-5-g62c59d9 (webtiles) character file.

57 Tiagovsky the Grave Robber (level 3, -1/26 HPs)
             Began as a Vampire Necromancer on Jan 8, 2019.
             Slain by Sigmund
             ... wielding a +3 scythe of flaming
              (9 damage)
             ... on level 2 of the Dungeon.
             The game lasted 00:14:34 (2613 turns).

Tiagovsky the Grave Robber (Vampire Necromancer)    Turns: 2613, Time: 00:14:34

Health: -1/26      AC:  2    Str:  7    XL:     3   Next: 73%
Magic:  3/6        EV: 12    Int: 18    God:
Gold:   79         SH:  0    Dex: 14    Spells: 5/7 levels left

rFire    . . .     SeeInvis +   j - +2 whip (elec)
rCold    + . .     Gourm    .   (no shield)
rNeg     + + .     Faith    .   a - +0 robe
rPois    +         Spirit   .   (no helmet)
rElec    .         Reflect  .   (no cloak)
rCorr    .         Harm     .   (no gloves)
MR       .....                  (no boots)
Stlth    +++.......             (no amulet)
HPRegen  0.04/turn              (no ring)
MPRegen  0.10/turn              (no ring)

@: regenerating slowly
A: fangs 3, see invisible, unbreathing
a: Bat Form


You were on level 2 of the Dungeon.
You were thirsty.

You visited 1 branch of the dungeon, and saw 2 of its levels.

You collected 79 gold pieces.

Inventory:

Hand Weapons
 d - a +0 short sword
 h - a +0 dagger
 j - a +2 whip of electrocution (weapon)
Missiles
 b - 25 stones (quivered)
Armour
 a - a +0 robe (worn)
Scrolls
 e - a scroll of random uselessness {unknown}
 g - a scroll of identify {unknown}
 i - a scroll of fog {unknown}
 k - a scroll of remove curse {unknown}
 l - a scroll of fear {unknown}
Potions
 c - 12 potions of blood
 f - a potion of haste {unknown}


   Skills:
 + Level 1.0 Fighting
 + Level 1.1 Short Blades
 - Level 2.1 Dodging
 - Level 3.0 Stealth
 + Level 2.5 Spellcasting
 + Level 5.1 Necromancy


You had 5 spell levels left.
You knew the following spells:

 Your Spells              Type           Power        Failure   Level  Hunger
a - Pain                  Necr           ###.         1%          1    #......
b - Animate Skeleton      Necr           N/A          1%          1    #......

Your spell library contained the following spells:

 Spells                   Type           Power        Failure   Level  Hunger
 Vampiric Draining        Necr           ###.......   6%          3    ###....
 Regeneration             Chrm/Necr      ##........   19%         3    ###....
 Animate Dead             Necr           N/A          21%         4    #####..


Dungeon Overview and Level Annotations

Branches:
Dungeon (2/15)

Altars:

Annotations:
D:2 Sigmund


Innate Abilities, Weirdness & Mutations

You heal slowly.
You have razor-sharp teeth.
You have supernaturally acute eyesight. (SInv)
You can survive without breathing.


Message History

Aiming: Pain (safe; 1% risk of failure)
Press: ? - help, Shift-Dir - straight line, f - Sigmund
Aim: Sigmund, wielding a scythe of flaming and wearing an embroidered robe Sigmund writhes in agony!
Casting: Pain (safe; 1% risk of failure)
Confirm with . or Enter, or press ? or * to list all spells.
Aiming: Pain (safe; 1% risk of failure)
Press: ? - help, Shift-Dir - straight line, f/p - Sigmund
Aim: Sigmund, wielding a scythe of flaming and wearing an embroidered robe Sigmund writhes in agony!
Sigmund hits you from afar with a scythe of flaming!
Sigmund burns you.
Casting: Pain (safe; 1% risk of failure)
Confirm with . or Enter, or press ? or * to list all spells.
Aiming: Pain (safe; 1% risk of failure)
Press: ? - help, Shift-Dir - straight line, f/p - Sigmund
Aim: Sigmund, wielding a scythe of flaming and wearing an embroidered robe Sigmund writhes in agony!
Sigmund hits you from afar with a scythe of flaming!
You die...

#.#...#.# #.#
#####.......# ...
.........#### #.#
.##############
........†..÷..#
.....#..#####.####
...#.............####
.....#...####.......#
.#####...# #.##@##.#
.. .........##.# ##
####.####.##@# .#
#.##.# . #.##.# #.
... #.# #.#


You could see Sigmund.

Vanquished Creatures
  2 adders (D:2)
  A worm (D:2)
  2 leopard geckos
  A ball python (D:2)
  A giant cockroach (D:2)
  5 goblins
  3 hobgoblins
  3 jackals (D:1)
  A quokka (D:2)
  5 bats
  2 frilled lizards (D:1)
  3 kobolds (D:1)
  3 rats
32 creatures vanquished.

Notes
Turn   | Place    | Note
-------+----------+-------------------------------------------
     0 | D:1      | Tiagovsky the Vampire Necromancer began the quest for the
                  | Orb.
     0 | D:1      | Reached XP level 1. HP: 13/13 MP: 3/3
   962 | D:1      | Reached XP level 2. HP: 20/20 MP: 1/5
  1087 | D:1      | You fall through a shaft!
  1706 | D:1      | Learned a level 1 spell: Animate Skeleton
  1899 | D:2      | Reached skill level 5 in Necromancy
  1932 | D:2      | Reached XP level 3. HP: 17/25 MP: 3/6
  2397 | D:2      | Reached skill level 1 in Fighting
  2397 | D:2      | Reached skill level 1 in Short Blades
  2607 | D:2      | Noticed Sigmund
  2613 | D:2      | Slain by Sigmund

Skill      XL: |  1  2  3 |
---------------+----------+-----
Necromancy     | 5 |  5.1
Fighting       | 1 |  1.0
Short Blades   | 1 |  1.1
Dodging        | |  2.1
Stealth        | |  3.0
Spellcasting   | |  2.5

Action                   || total
-------------------------++-------
Melee: Unarmed           ||     7
       Short sword       ||    34
       Bite              ||     2
       Whip              ||    15
Throw: Stone             ||     5
 Cast: Pain              ||    28
  Use: Potion            ||     1
 Stab: Sleeping          ||     5
  Eat: Corpse            ||     2
Armor: Robe              ||     9
Dodge: Dodged            ||    42
